 Dungeon Crawl Stone Soup version 0.20.1-1-g8b1a95d (console) character file.

134192 hilaritas the Brawler (level 16, 0/178 HPs)
             Began as a Troll Fighter on Nov 4, 2017.
             Was a Believer of Uskayaw.
             Slain by a tarantella (10 damage)
             ... on level 2 of the Spider Nest.
             The game lasted 01:18:38 (27156 turns).

hilaritas the Brawler (Troll Fighter)              Turns: 27156, Time: 01:18:41

Health: 0/178      AC: 26    Str: 35    XL:     16   Next: 61%
Magic:  31/31      EV:  7    Int:  6    God:    Uskayaw [**....]
Gold:   1993       SH: 14    Dex: 13    Spells: 8/15 levels left

rFire    + . .     SeeInvis .     - Unarmed
rCold    + . .     Gourm    +   b - +1 shield
rNeg     + + .     Faith    .   O - +4 gold dragon scales of Modesty {rPois rF+ rC+ Dex+2}
rPois    +         Spirit   .   A - +2 hat
rElec    .         Reflect  .   J - scarf "Sog Xymen" {rN++ MP+9 Str-2 Stlth+}
rCorr    .         Harm     .   (gloves unavailable)
MR       ++...                  (boots unavailable)
Stlth    ..........             l - amulet of rage
Regen    0.8/turn               X - ring of Xom's Full Attention {rPois Str+6 Stlth-}
MPRegen  0.3/turn               M - ring of protection from magic

@: no status effects
A: unfitting armour, claws 3, agile 1, fast metabolism 3, gourmand, regeneration
1, robust 1, shaggy fur 1, tough skin 2, evolution 1
a: Stomp, Line Pass, Renounce Religion, Evoke Berserk Rage


You were on level 2 of the Spider Nest.
You worshipped Uskayaw.
Uskayaw was aware of your devotion.
You were not hungry.

You visited 6 branches of the dungeon, and saw 28 of its levels.
You visited 1 bazaar.
You also visited: Volcano.

You collected 2959 gold pieces.
You spent 966 gold pieces at shops.

Inventory:

Hand Weapons
 P - a +5 demon blade of flaming
 Y - the +4 flail "Ucwue" {flame, rElec rC+ Dex-5 SInv}
   (You found it on level 3 of the Lair of Beasts)

   It has been specially enchanted to burn those struck by it, causing extra
   injury to most foes and up to half again as much damage against particularly
   susceptible opponents.
   It affects your dexterity (-5).
   It protects you from cold.
   It insulates you from electricity.
   It lets you see invisible.
Missiles
 g - a throwing net
 w - 14 large rocks (quivered)
Armour
 b - a +1 shield (worn)
 x - a scarf of repulsion
 A - a +2 hat (worn)
 J - the scarf "Sog Xymen" (worn) {rN++ MP+9 Str-2 Stlth+}
   (You acquired it on level 8 of the Dungeon)

   It affects your strength (-2).
   It greatly protects you from negative energy.
   It affects your magic capacity (+9).
   It makes you more stealthy.
 O - the +4 gold dragon scales of Modesty (worn) {rPois rF+ rC+ Dex+2}
   (You acquired it on level 11 of the Dungeon)

   It affects your dexterity (+2).
   It protects you from fire.
   It protects you from cold.
   It protects you from poison.
Jewellery
 h - an uncursed ring of protection from fire
 l - an amulet of rage (around neck)
 y - an uncursed ring of resist corrosion
 G - an uncursed ring of protection from cold
 M - a ring of protection from magic (right claw)
 X - the ring of Xom's Full Attention (left claw) {rPois Str+6 Stlth-}
   (You found it on level 15 of the Dungeon)

   [ring of loudness]

   It affects your strength (+6).
   It protects you from poison.
   It makes you less stealthy.
Wands
 e - a wand of disintegration (12/24)
 n - a wand of disintegration (15/24)
 s - a wand of flame (22/48)
 v - a wand of lightning (15/15)
 B - a wand of scattershot (4/9)
 F - a wand of acid (6/15)
 N - a wand of digging (7/24)
 T - a wand of iceblast (3/15)
Scrolls
 f - 16 scrolls of remove curse
 k - 18 scrolls of teleportation
 m - 5 scrolls of enchant armour
 t - 5 scrolls of identify
 z - 9 scrolls of recharging
 D - 2 scrolls of fear
 E - 2 scrolls of blinking
 K - 5 scrolls of fog
Potions
 c - 6 potions of might
 j - 2 potions of curing
 o - 6 potions of flight
 p - 5 potions of agility
 r - a potion of ambrosia
 u - 2 potions of magic
 C - 5 potions of resistance
 I - a potion of invisibility
 R - a potion of brilliance
 S - 2 potions of haste
 U - a potion of mutation
 V - 3 potions of berserk rage
Comestibles
 d - 12 bread rations
 i - 15 meat rations
 q - 38 royal jellies
 L - 31 fruits


   Skills:
 * Level 11.3 Fighting
 - Level 10.0 Armour
 - Level 6.0 Dodging
 - Level 10.0 Shields
 + Level 18.0 Unarmed Combat
 - Level 10.0 Invocations


You had 8 spell levels left.
You knew the following spells:

 Your Spells              Type           Power        Failure   Level  Hunger
a - Swiftness             Chrm/Air       #.......     100%        2    ###....
b - Summon Small Mammal   Summ           #...         100%        1    ##.....
c - Summon Ice Beast      Ice/Summ       #.......     100%        4    #####..


Dungeon Overview and Level Annotations

Branches:
Dungeon (15/15)            Temple (1/1) D:6            Lair (6/6) D:10
  Swamp (1/4) Lair:3       Spider (3/4) Lair:2        Slime (0/5) Lair:5
    Orc (2/2) D:9             Elf (0/3) Orc:2        Vaults (0/5) D:13
 Depths (0/5) D:15

Altars:
Dithmenos
Gozag
Hepliaklqana
Kikubaaqudgha
Makhleb
Nemelex Xobeh
Qazlal
Ru
Trog
Uskayaw
Xom
Yredelemnul
Zin
Beogh
Jiyva

Shops:
D:5 (   D:14 :(   D:15 :   Orc:2 [([[

Annotations:
D:5 2 transporters


Innate Abilities, Weirdness & Mutations

You are too large for most types of armour.
You have claws for hands.
Your metabolism is lightning-fast.
You like to eat raw meat.
Your natural rate of healing is unusually fast.
You are covered in fur. (AC +1)
You have very tough skin. (AC +2)
You are agile. (Dex +2)
You are robust. (+10% HP)
You evolve.


Message History

* * * LOW HITPOINT WARNING * * *
The tarantella bites you!
* * * LOW HITPOINT WARNING * * *
The jumping spider pounces on you but does no damage.
The jumping spider bites you but does no damage.
You eviscerate the jumping spider!!!
You kill the jumping spider!
The jumping spider pounces on you but does no damage.
The jumping spider bites you but does no damage.
The wolf spider barely misses you.
The wolf spider bites you but does no damage.
The tarantella bites you but does no damage.
You can now pass through a line of other dancers.
You mangle the wolf spider!!
You kill the wolf spider!
Your Unarmed Combat skill increases to level 18!
You feel less invigorated.
You feel less confused.
The jumping spider leaps!
The tarantella bites you!
You die...

.........### ##.### ##.#
..........#####....###.##
............^.....^#..##
......##..#..^...#....####
..............#..(....##.#
.........................##
..#.............#...#.(...##
..^##.#.....#..............#
......#.....#..#.#....###.##
#.......#.####.†§##..^####^####
........#...###s@.#..#..###.#.#
....#..##.†###.##[..##.#..#...#
.#.....#.....######.######...##
..#....†.#....##..##.# ##.##
........>^....##..#### ###
..#..##......##..##
.#^....#.....#....#
.#^...............###
.##..†.......###....#
##...#.#.........####
#.^....#..........#


You could see a tarantella.

Vanquished Creatures
  Bai Suzhen (Spider:2)
  Arachne (Spider:3)
  Rupert (D:15)
  A thorn hunter (Swamp:1)
  Frances (Swamp:1)
  3 ghost moths
  An orc warlord (Orc:2)
  2 entropy weavers
  Azrael (D:15)
  A spark wasp (Spider:2)
  A fire dragon (Lair:6)
  Josephine (Orc:2)
  The ghost of vineage the Basher, a journeyman GrFi of Okawaru (Orc:2)
  8 hydras
  Fannar (D:12)
  4 vault guards (D:13)
  A death knight (D:14)
  A ghost crab (Swamp:1)
  8 two-headed ogres
  3 tengu warriors
  3 alligators (Swamp:1)
  Nergalle (D:12)
  The ghost of bmj180 the Carver, a novice MiFi of Okawaru (D:8)
  7 skeletal warriors
  3 unseen horrors (D:13)
  2 swamp dragons
  A flayed ghost (D:15)
  A wolf spider zombie (D:15)
  An orc knight (Orc:2)
  A necromancer (D:15)
  A deep elf mage (D:15)
  An orc sorcerer (Orc:2)
  A stone giant zombie (D:15)
  3 salamanders (Volcano)
  16 wolf spiders
  4 oklob plants (Lair:2)
  7 orb spiders
  6 manticores
  8 ugly things
  Maurice (Orc:1)
  4 cyclopes
  15 elephants
  A guardian serpent (shapeshifter) (D:14)
  A torpor snail (Lair:6)
  A fire giant skeleton (D:15)
  12 spiny frogs
  2 gargoyles (D:13)
  A black mamba (Lair:6)
  A molten gargoyle (Volcano)
  7 demonic crawlers
  A yaktaur zombie (D:15)
  5 rime drakes
  7 komodo dragons
  A kobold demonologist (D:11)
  14 jumping spiders
  3 meliai (D:13)
  A tyrant leech (Lair:3)
  A jumping spider (shapeshifter) (D:14)
  A hornet (Spider:1)
  5 trolls
  10 polar bears
  2 bog bodies (Swamp:1)
  A dream sheep (Lair:6)
  The ghost of soepske the Chiller, an amateur DsIE of Sif Muna (D:4)
  Prince Ribbit (D:6)
  18 blink frogs
  2 raiju (Lair:6)
  9 hippogriffs
  A deep troll zombie (D:15)
  22 redbacks
  18 yaks
  A shadow (Swamp:1)
  8 wraiths
  7 wyverns
  2 fire bats (Volcano)
  Eustachio (D:6)
  12 tarantellas
  2 fire elementals (D:15)
  3 basilisks
  A steam dragon (D:11)
  5 hungry ghosts
  6 wargs
  3 swamp worms (Swamp:1)
  A soldier ant (D:15)
  An acid dragon (D:12)
  22 hell hounds
  15 water moccasins
  4 swamp drakes
  10 porcupines
  13 black bears
  A hornet zombie (D:15)
  3 ice beasts
  22 orc warriors
  4 sky beasts
  An eye of draining (D:13)
  25 wolves
  4 phantoms
  19 ogres
  3 centaurs (D:13)
  15 crocodiles
  A big kobold (D:13)
  18 bullfrogs
  A gnoll sergeant (D:8)
  7 scorpions
  21 killer bees
  13 wights
  An electric eel (Spider:1)
  6 howler monkeys
  4 bullfrog zombies
  6 crimson imps
  2 quasits
  2 centaur zombies (D:6)
  25 orc priests
  3 centaur skeletons
  6 hounds
  3 bullfrog skeletons
  5 iguanas
  6 jellies
  Jessica (D:2)
  10 worker ants
  26 orc wizards
  Natasha (thrice) (D:4)
  A killer bee zombie (D:5)
  A hound zombie (D:10)
  2 hound skeletons
  A mummy (D:5)
  2 worker ant zombies
  6 gnolls
  13 adders
  A shadow imp (D:12)
  6 oozes
  An adder zombie (D:9)
  2 adder skeletons
  4 worms
  2 dart slugs (D:1)
  2 leopard geckos (D:4)
  81 orcs
  3 ball pythons
  7 giant cockroaches
  3 goblins
  7 hobgoblins
  20 jackals
  4 quokkas
  A ball python skeleton (D:5)
  A ball python zombie (D:5)
  7 bats
  4 frilled lizards
  A hobgoblin zombie (D:5)
  5 kobolds
  2 kobold zombies (D:5)
  2 leopard gecko skeletons (D:4)
  An orc zombie (D:5)
  A quokka skeleton (D:5)
  8 rats
  A plant (Lair:2)
867 creatures vanquished.

Vanquished Creatures (others)
  A redback (Spider:2)
  10 fungi
  12 plants
  A withered plant (D:15)
24 creatures vanquished.

Grand Total: 891 creatures vanquished

Notes
Turn   | Place    | Note
-------+----------+-------------------------------------------
     0 | D:1      | hilaritas the Troll Fighter began the quest for the Orb.
     0 | D:1      | Reached XP level 1. HP: 22/22 MP: 0/0
   247 | D:1      | Reached XP level 2. HP: 29/29 MP: 1/1
   900 | D:2      | Found a glowing silver altar of Zin.
   958 | D:2      | Noticed Jessica
   964 | D:2      | Killed Jessica
   964 | D:2      | Reached skill level 3 in Unarmed Combat
   964 | D:2      | Reached XP level 3. HP: 32/36 MP: 2/2
  1239 | D:2      | Reached XP level 4. HP: 44/44 MP: 3/3
  1519 | D:2      | Reached skill level 4 in Unarmed Combat
  1743 | D:3      | Reached XP level 5. HP: 41/50 MP: 4/4
  2464 | D:3      | Reached skill level 5 in Unarmed Combat
  2553 | D:4      | Noticed a phantom
  2571 | D:4      | Killed a phantom
  2571 | D:4      | Reached XP level 6. HP: 45/59 MP: 5/5
  2798 | D:4      | Reached skill level 6 in Unarmed Combat
  2843 | D:4      | Noticed Natasha
  2858 | D:4      | Reached XP level 7. HP: 39/66 MP: 6/6
  2863 | D:4      | Killed Natasha
  2913 | D:4      | Noticed soepske's ghost (amateur DsIE)
  2924 | D:4      | Killed soepske's ghost
  2924 | D:4      | Reached skill level 7 in Unarmed Combat
  3311 | D:4      | Noticed Natasha
  3317 | D:4      | Killed Natasha
  3408 | D:4      | Noticed Natasha
  3415 | D:4      | Killed Natasha
  3442 | D:5      | Entered Level 5 of the Dungeon
  3459 | D:5      | Reached skill level 8 in Unarmed Combat
  3602 | D:5      | Reached XP level 8. HP: 74/74 MP: 7/7
  3687 | D:5      | Found a transporter.
  3840 | D:5      | Found Looraopp's Antique Weapon Shoppe.
  3871 | D:5      | Reached skill level 9 in Unarmed Combat
  4001 | D:5      | Found a transporter.
  4285 | D:6      | Found a staircase to the Ecumenical Temple.
  4296 | Temple   | Entered the Ecumenical Temple
  4367 | Temple   | Became a worshipper of Uskayaw the Reveler
  4428 | D:6      | Noticed Prince Ribbit
  4435 | D:6      | Reached * piety under Uskayaw
  4444 | D:6      | Killed Prince Ribbit
  4444 | D:6      | Reached ** piety under Uskayaw
  4459 | D:6      | Reached skill level 10 in Unarmed Combat
  4459 | D:6      | Reached skill level 1 in Invocations
  4622 | D:6      | Reached *** piety under Uskayaw
  4645 | D:6      | Noticed Eustachio
  4667 | D:6      | Reached **** piety under Uskayaw
  4668 | D:6      | Killed Eustachio
  4721 | D:6      | Reached XP level 9. HP: 55/80 MP: 9/9
  4823 | D:6      | Found a burning altar of Makhleb.
  4823 | D:6      | Found a hazy altar of Hepliaklqana.
  5156 | D:7      | Found a sacrificial altar of Ru.
  5167 | D:7      | Reached skill level 1 in Armour
  5178 | D:7      | Reached skill level 5 in Shields
  5392 | D:7      | Learned a level 2 spell: Swiftness
  6244 | D:8      | Gained mutation: You are occasionally teleported next to monsters. [potion of mutation]
  6244 | D:8      | Gained mutation: You tend to lose your temper in combat. [potion of mutation]
  6244 | D:8      | Gained mutation: You are robust. (+10% HP) [potion of mutation]
  6245 | D:8      | Lost mutation: You are robust. (+10% HP) [potion of mutation]
  6245 | D:8      | Lost mutation: You are occasionally teleported next to monsters. [potion of mutation]
  6245 | D:8      | Lost mutation: You tend to lose your temper in combat. [potion of mutation]
  6245 | D:8      | Gained mutation: You are clumsy. (Dex -2) [potion of mutation]
  6245 | D:8      | Gained mutation: Your flesh is cold resistant. (rC+) [potion of mutation]
  6246 | D:8      | Lost mutation: You are clumsy. (Dex -2) [potion of mutation]
  6246 | D:8      | Gained mutation: Your body sometimes deteriorates upon taking damage. [potion of mutation]
  6246 | D:8      | Gained mutation: You occasionally shout uncontrollably at your foes. [potion of mutation]
  6246 | D:8      | Gained mutation: Your flesh is heat resistant. (rF+) [potion of mutation]
  6536 | D:8      | Identified a scroll of acquirement
  6537 | D:8      | Got an ancient scarf
  6548 | D:8      | Identified the scarf "Sog Xymen" {rN++ MP+9 Str-2 Stlth+} (You acquired it on level 8 of the Dungeon)
  6685 | D:8      | Noticed bmj180's ghost (novice MiFi)
  6719 | D:8      | Killed bmj180's ghost
  6719 | D:8      | Reached XP level 10. HP: 31/92 MP: 11/11
  7287 | D:9      | Reached ***** piety under Uskayaw
  7480 | D:9      | Reached skill level 5 in Fighting
  7698 | D:9      | Found a staircase to the Orcish Mines.
  7914 | D:9      | Found a shadowy altar of Dithmenos.
  8035 | D:10     | Entered Level 10 of the Dungeon
  8128 | D:10     | Found a staircase to the Lair.
  8396 | D:10     | Noticed a two-headed ogre
  8406 | D:10     | Killed a two-headed ogre
  8406 | D:10     | Reached XP level 11. HP: 40/105 MP: 13/13
  8608 | D:10     | Got an encrusted war axe
  8609 | D:10     | Identified the +8 war axe "Bolionti" {antimagic, rF+} (You found it on level 10 of the Dungeon)
  8952 | D:10     | Noticed a two-headed ogre
  8960 | D:10     | Killed a two-headed ogre
  8960 | D:10     | Reached skill level 5 in Invocations
  9509 | D:10     | Noticed a two-headed ogre
  9521 | D:10     | Killed a two-headed ogre
  9734 | D:11     | Got smoking gold dragon scales
  9746 | D:11     | Identified the +4 gold dragon scales of Modesty {rPois rF+ rC+ Dex+2} (You acquired it on level 11 of the Dungeon)
 10041 | D:11     | Noticed a skeletal warrior
 10041 | D:11     | Noticed a skeletal warrior
 10058 | D:11     | Killed a skeletal warrior
 10072 | D:11     | Killed a skeletal warrior
 10193 | D:11     | Noticed a skeletal warrior
 10193 | D:11     | Noticed a skeletal warrior
 10205 | D:11     | Killed a skeletal warrior
 10223 | D:11     | Killed a skeletal warrior
 10223 | D:11     | Reached skill level 5 in Armour
 10447 | D:11     | Noticed a brown ugly thing
 10462 | D:11     | Killed a brown ugly thing
 10652 | Lair:1   | Entered Level 1 of the Lair of Beasts
 10755 | Lair:1   | Found a basalt altar of Yredelemnul.
 10934 | Lair:1   | Reached XP level 12. HP: 118/118 MP: 15/15
 12211 | Lair:2   | Learned a level 1 spell: Summon Small Mammal
 12216 | Lair:2   | Learned a level 4 spell: Summon Ice Beast
 12299 | Lair:2   | Found a hole to the Spider Nest.
 12650 | Lair:3   | Reached ****** piety under Uskayaw
 12990 | Lair:3   | Reached skill level 10 in Shields
 13131 | Lair:3   | Got a smoking flail
 13132 | Lair:3   | Identified the +4 flail "Ucwue" {flame, rElec rC+ Dex-5 SInv} (You found it on level 3 of the Lair of Beasts)
 13516 | Lair:3   | Noticed an eight-headed hydra
 13525 | Lair:3   | Killed an eight-headed hydra
 13525 | Lair:3   | Reached XP level 13. HP: 78/128 MP: 17/17
 13628 | Lair:3   | Found a staircase to the Swamp.
 14938 | Lair:5   | Found a viscous altar of Jiyva.
 14938 | Lair:5   | Found a staircase to the Slime Pits.
 15804 | Lair:6   | Entered Level 6 of the Lair of Beasts
 16243 | Lair:6   | Reached skill level 10 in Armour
 16612 | Lair:6   | Noticed a fire dragon
 16628 | Lair:6   | Killed a fire dragon
 16970 | Lair:6   | Reached skill level 10 in Fighting
 16982 | Lair:6   | Reached skill level 5 in Dodging
 16998 | Lair:6   | Reached XP level 14. HP: 136/143 MP: 19/19
 17821 | D:12     | Noticed Fannar
 17836 | D:12     | Killed Fannar
 17984 | D:12     | Noticed Nergalle
 18004 | D:12     | Killed Nergalle
 18004 | D:12     | Reached skill level 11 in Unarmed Combat
 18403 | D:13     | Found a gate to the Vaults.
 18438 | D:13     | Reached skill level 12 in Unarmed Combat
 18914 | D:13     | Found a flickering gateway to a bazaar.
 18919 | Bazaar   | Entered a bazaar
 18932 | Bazaar   | Found Xuppei Geid's Assorted Antiques.
 18932 | Bazaar   | Found Lopnoax's Distillery.
 18968 | Bazaar   | Found Dynoloqo's Magic Scroll Shoppe.
 18968 | Bazaar   | Found Qegaasiv's Weapon Shoppe.
 19005 | Bazaar   | Bought a runed hat for 196 gold pieces
 19010 | Bazaar   | Bought a potion of resistance for 280 gold pieces
 19010 | Bazaar   | Bought a potion of ambrosia for 224 gold pieces
 19010 | Bazaar   | Bought a scroll of recharging for 266 gold pieces
 19336 | D:14     | Reached skill level 13 in Unarmed Combat
 19531 | D:14     | Found Eklos's Antique Weapon Emporium.
 19543 | D:14     | Found Bafisyuss's Book Emporium.
 19736 | D:14     | Reached skill level 10 in Invocations
 19871 | D:15     | Entered Level 15 of the Dungeon
 19878 | D:15     | Noticed Rupert
 19893 | D:15     | Killed Rupert
 19893 | D:15     | Reached XP level 15. HP: 141/149 MP: 21/21
 20025 | D:15     | Found Cewoarinia's Book Shop.
 20041 | D:15     | Got a scintillating iron ring
 20043 | D:15     | Identified the ring of Xom's Full Attention {rPois Str+6 Stlth-} (You found it on level 15 of the Dungeon)
 20415 | D:15     | Found a staircase to the Depths.
 20436 | D:15     | Reached skill level 14 in Unarmed Combat
 20477 | D:15     | Noticed Azrael
 20508 | D:15     | Killed Azrael
 20919 | Orc:1    | Entered Level 1 of the Orcish Mines
 20919 | Orc:1    | Noticed Maurice
 20927 | Orc:1    | Killed Maurice
 21243 | Orc:2    | Entered Level 2 of the Orcish Mines
 21243 | Orc:2    | Found a staircase to the Elven Halls.
 21291 | Orc:2    | Noticed vineage's ghost (journeyman GrFi)
 21299 | Orc:2    | Killed vineage's ghost
 21307 | Orc:2    | Found a dark tunnel.
 21314 | Orc:2    | Noticed Josephine
 21320 | Volcano  | Entered a volcano
 21581 | Orc:2    | Killed Josephine
 21581 | Orc:2    | Reached skill level 15 in Unarmed Combat
 21945 | Orc:2    | Found a roughly hewn altar of Beogh.
 21946 | Orc:2    | Found Fyucecasch's Armour Boutique.
 22024 | Orc:2    | Noticed an orc warlord
 22075 | Orc:2    | Killed an orc warlord
 22164 | Orc:2    | Found Loman's Antique Weapon Shop.
 22165 | Orc:2    | Found a roughly hewn altar of Beogh.
 22166 | Orc:2    | Found Cigeel's Antique Armour Boutique.
 22381 | Orc:2    | Found a roughly hewn altar of Beogh.
 22398 | Orc:2    | Found Faweiban's Antique Armour Emporium.
 22859 | Swamp:1  | Entered Level 1 of the Swamp
 22982 | Swamp:1  | Noticed a thorn hunter
 22999 | Swamp:1  | Killed a thorn hunter
 23165 | Swamp:1  | Noticed Frances
 23179 | Swamp:1  | HP: 5/152 [Frances/iron shot (51)]
 23181 | Swamp:1  | HP: 2/152 [sixfirhy[Frances] (12)]
 23185 | Swamp:1  | Killed Frances
 23381 | Swamp:1  | Reached skill level 16 in Unarmed Combat
 24213 | Spider:1 | Entered Level 1 of the Spider Nest
 24522 | Spider:1 | Reached XP level 16. HP: 160/161 MP: 22/22
 25538 | Spider:1 | Reached skill level 17 in Unarmed Combat
 25634 | Spider:1 | Lost mutation: Your flesh is cold resistant. (rC+) [potion of mutation]
 25634 | Spider:1 | Lost mutation: You occasionally shout uncontrollably at your foes. [potion of mutation]
 25634 | Spider:1 | Lost mutation: Your body sometimes deteriorates upon taking damage. [potion of mutation]
 25634 | Spider:1 | Lost mutation: Your flesh is heat resistant. (rF+) [potion of mutation]
 25634 | Spider:1 | Gained mutation: You have a pair of small horns on your head. [potion of mutation]
 25634 | Spider:1 | Gained mutation: You are partially covered in rugged brown scales. (AC +1, +3% HP) [potion of mutation]
 25635 | Spider:1 | Lost mutation: You are partially covered in rugged brown scales. (AC +1, +3% HP) [potion of mutation]
 25635 | Spider:1 | Lost mutation: You have a pair of small horns on your head. [potion of mutation]
 25635 | Spider:1 | Gained mutation: You are clumsy. (Dex -2) [potion of mutation]
 25635 | Spider:1 | Gained mutation: You heal very quickly. [potion of mutation]
 25635 | Spider:1 | Gained mutation: You are partially covered in iridescent scales. (AC +2) [potion of mutation]
 25636 | Spider:1 | Lost mutation: You are partially covered in iridescent scales. (AC +2) [potion of mutation]
 25636 | Spider:1 | Lost mutation: You are clumsy. (Dex -2) [potion of mutation]
 25636 | Spider:1 | Gained mutation: Armour fits poorly on your strangely shaped body. [potion of mutation]
 25636 | Spider:1 | Gained mutation: You are partially covered in iridescent scales. (AC +2) [potion of mutation]
 25636 | Spider:1 | Gained mutation: You passively map a small area around you. [potion of mutation]
 25637 | Spider:1 | Lost mutation: Armour fits poorly on your strangely shaped body. [potion of mutation]
 25637 | Spider:1 | Lost mutation: You heal very quickly. [potion of mutation]
 25637 | Spider:1 | Lost mutation: You are partially covered in iridescent scales. (AC +2) [potion of mutation]
 25637 | Spider:1 | Lost mutation: You passively map a small area around you. [potion of mutation]
 25637 | Spider:1 | Gained mutation: You are robust. (+10% HP) [potion of mutation]
 25637 | Spider:1 | Gained mutation: You evolve. [potion of mutation]
 25637 | Spider:1 | Gained mutation: You are agile. (Dex +2) [potion of mutation]
 26602 | Spider:3 | Noticed Bai Suzhen
 26816 | Spider:2 | Killed Bai Suzhen
 26819 | Spider:2 | HP: 7/178 [something (23)]
 27115 | Spider:3 | Noticed Arachne
 27135 | Spider:3 | Killed Arachne
 27145 | Spider:3 | HP: 5/178 [jumping spider (5)]
 27154 | Spider:2 | HP: 3/178 [tarantella (10)]
 27156 | Spider:2 | Reached skill level 18 in Unarmed Combat
 27156 | Spider:2 | Slain by a tarantella

Skill      XL: |  1  2  3  4  5  6  7  8  9 10 11 12 13 14 15 16 |
---------------+-------------------------------------------------+-----
Shields        | 3 4 6 7 9 10 | 10.0
Unarmed Combat | 3 4 5 6 8 10 13 16 18 | 18.0
Invocations    | 1 3 4 6 7 8 10 | 10.0
Armour         | 3 4 5 8 10 | 10.0
Fighting       | 4 5 7 8 10 11 | 11.3
Dodging        | 5 6 |  6.0

Action                   |  1- 3 |  4- 6 |  7- 9 | 10-12 | 13-15 | 16-18 || total
-------------------------+-------+-------+-------+-------+-------+-------++-------
Melee: Unarmed           |    71 |   163 |   392 |   760 |  1509 |   251 ||  3146
       Flail             |       |       |       |     6 |     8 |       ||    14
       Demon blade       |       |       |       |       |    35 |       ||    35
Throw: Large rock        |       |       |       |       |     1 |     2 ||     3
Invok: Stomp             |       |       |     2 |     2 |     2 |     2 ||     8
       Line Pass         |       |       |     1 |       |     2 |       ||     3
  Use: Scroll            |       |     9 |     7 |     9 |    15 |     2 ||    42
       Potion            |       |       |     4 |     1 |     2 |     8 ||    15
 Stab: Sleeping          |     1 |       |     1 |     7 |       |       ||     9
       Distracted        |       |       |     1 |       |       |       ||     1
       Paralysed         |       |       |     3 |    31 |   115 |    18 ||   167
  Eat: Chunk             |    16 |    16 |    35 |    65 |   109 |    15 ||   256
       Fruit             |       |       |       |     1 |       |     8 ||     9
Armor: Robe              |    19 |    22 |    47 |    37 |       |       ||   125
       Skin              |       |       |     1 |       |       |       ||     1
       Gold dragon scale |       |       |       |   210 |   884 |   419 ||  1513
Dodge: Dodged            |    32 |    36 |    73 |   144 |   257 |   122 ||   664
       Deflected         |       |       |     3 |       |       |       ||     3
Block: Shield            |    29 |    53 |   124 |   372 |   956 |   244 ||  1778
       Rpst.: Demon blade |       |       |       |       |     3 |       ||     3
